 Dungeon Crawl Stone Soup version 0.29.1-15-g9cfb28693d (webtiles) character file.

Game seed: 446129483763277004

53 386 the Shield-Bearer (level 3, 0/28 (35) HPs)
             Began as a Gnoll Fighter on Mar 26, 2023.
             Slain by an orc wizard
             ... wielding a +2 dagger of draining
              (1 damage)
             ... on level 2 of the Dungeon.
             The game lasted 00:01:49 (1272 turns).

386 the Shield-Bearer (Gnoll Fighter)               Turns: 1272, Time: 00:01:50

HP:   0/28 (35)     AC:  7    Str: 17    XL:     3   Next: 89%
MP:   4/4           EV:  9    Int:  7    God:
Gold: 94            SH:  5    Dex: 11    Spells: 4/4 levels left

rFire   . . .      SeeInvis .   a - +0 trident
rCold   . . .      Faith    .   c - +0 buckler
rNeg    . . .      Spirit   .   b - +0 scale mail
rPois   .          Reflect  .   (no helmet)
rElec   .          Harm     .   (no cloak)
rCorr   .          Rampage  .   (no gloves)
Will    .....                   (no boots)
Stlth   ..........              (no amulet)
HPRegen 0.09/turn               (no ring)
MPRegen 0.09/turn               (no ring)

@: heavily drained
A: fangs 1, strong nose, distributed training
a: no special abilities


You were on level 2 of the Dungeon.
You visited 1 branch of the dungeon, and saw 2 of its levels.

You collected 94 gold pieces.

Inventory:

Hand Weapons
 a - a +0 trident (weapon)
Armour
 b - a +0 scale mail (worn)
 c - a +0 buckler (worn)
Jewellery
 i - a ring of ice
Scrolls
 j - 3 scrolls of identify {unknown}
Potions
 d - a potion of might
 e - a potion of curing {unknown}
 f - a potion of resistance {unknown}
 g - a potion of haste {unknown}
 h - a potion of mutation {unknown}


   Skills:
 + Level 6.5 Fighting
 + Level 1.0 Short Blades
 + Level 1.0 Long Blades
 + Level 1.0 Axes
 + Level 1.0 Maces & Flails
 + Level 4.6 Polearms
 + Level 1.0 Staves
 + Level 1.0 Ranged Weapons
 + Level 1.0 Throwing
 + Level 6.5 Armour
 + Level 1.0 Dodging
 + Level 1.0 Stealth
 + Level 6.5 Shields
 + Level 1.0 Unarmed Combat
 + Level 1.0 Spellcasting
 + Level 0.7 Conjurations
 + Level 0.7 Hexes
 + Level 0.7 Summonings
 + Level 0.7 Necromancy
 + Level 0.7 Translocations
 + Level 0.7 Transmutations
 + Level 0.7 Fire Magic
 + Level 0.7 Ice Magic
 + Level 0.7 Air Magic
 + Level 0.7 Earth Magic
 + Level 0.7 Poison Magic
 + Level 1.1 Invocations
 + Level 1.0 Evocations


You had 4 spell levels left.
You didn't know any spells.
Your spell library contained the following spells:

 Spells                   Type           Power      Damage    Failure   Level
 Foxfire                  Conj/Fire      4%         2x1d4     75%         1
 Conjure Flame            Conj/Fire      1%         6-21      98%         3
 Inner Flame              Hex/Fire       1%         N/A       98%         3
 Flame Wave               Conj/Fire      1%         2d4       100%        4


Dungeon Overview and Level Annotations

Branches:
Dungeon (2/15)

Altars:

Shops:
D:1 *


Innate Abilities, Weirdness & Mutations

You have very sharp teeth.
Your uncanny sense of smell can sniff out nearby items.
Your experience applies equally to all skills.


Message History

You block the orc wizard's attack.
An orc comes into view. It is wielding a +0 hand axe.
You hit the orc wizard.
The orc wizard is lightly wounded.
You block the orc wizard's attack.
You barely miss the orc wizard.
The orc wizard is lightly wounded.
The orc wizard hits you with a +2 dagger of draining.
You feel drained. You block the orc wizard's attack.
You closely miss the orc wizard. You bite the orc wizard.
The orc wizard is moderately wounded.
The orc priest mumbles some strange prayers to Beogh against you.
Beogh smites you!
The orc wizard hits you but does no damage.
You feel drained.
You are too injured to fight recklessly!
You are too injured to fight recklessly!
You are too injured to fight recklessly!
You are too injured to fight recklessly!
You hit the orc wizard.
The orc wizard is moderately wounded.
The orc wizard hits you with a +2 dagger of draining.
You feel drained.
You hit the orc wizard but do no damage.
The orc wizard is moderately wounded.
The orc wizard hits you but does no damage.
You feel drained. The orc closely misses you.
You closely miss the orc wizard. Your bite misses the orc wizard.
The orc wizard is moderately wounded.
The orc wizard hits you with a +2 dagger of draining.
* * * LOW HITPOINT WARNING * * *
You feel drained.
* * * LOW HITPOINT WARNING * * *
The orc hits you but does no damage.
You barely miss the orc wizard. Your bite misses the orc wizard.
The orc wizard is moderately wounded.
The orc wizard hits you with a +2 dagger of draining.
* * * LOW HITPOINT WARNING * * *
You feel drained.
You die...

########### #.#.#
#.#
###.#.######.#
#............#
###.###.########
########...#∆#...
##........###
###...
#.........# ....
#..###..### #..
#.@#∆ ∆ .. #oo#
#.oo.# #.##.# ..
.o. ### #.# ...
... o.


You could see an orc priest, an orc wizard and 3 orcs.

Vanquished Creatures
  2 adders (D:2)
  A dart slug (D:2)
  4 ball pythons
  4 endoplasms
  A giant cockroach (D:1)
  A goblin (D:1)
  2 hobgoblins
  6 jackals (D:1)
  A kobold (D:1)
  3 quokkas
  3 bats
  A frilled lizard (D:1)
  A rat (D:2)
30 creatures vanquished.

Notes
Turn   | Place    | Note
-------+----------+-------------------------------------------
     0 | D:1      | 386 the Gnoll Fighter began the quest for the Orb.
     0 | D:1      | Reached XP level 1. HP: 23/23 MP: 1/1
   171 | D:1      | Reached XP level 2. HP: 28/29 MP: 2/2
   683 | D:1      | Found Neitet's Assorted Antiques.
   701 | D:1      | Reached XP level 3. HP: 33/35 MP: 3/3
  1108 | D:2      | Reached skill level 1 in Invocations
  1211 | D:2      | Reached skill level 1 in Short Blades
  1211 | D:2      | Reached skill level 1 in Long Blades
  1211 | D:2      | Reached skill level 1 in Axes
  1211 | D:2      | Reached skill level 1 in Maces & Flails
  1211 | D:2      | Reached skill level 1 in Staves
  1211 | D:2      | Reached skill level 1 in Ranged Weapons
  1211 | D:2      | Reached skill level 1 in Throwing
  1211 | D:2      | Reached skill level 1 in Dodging
  1211 | D:2      | Reached skill level 1 in Stealth
  1211 | D:2      | Reached skill level 1 in Unarmed Combat
  1211 | D:2      | Reached skill level 1 in Spellcasting
  1211 | D:2      | Reached skill level 1 in Evocations
  1272 | D:2      | HP: 1/29 [orc wizard/+2 dagger of draining (6)]
  1272 | D:2      | Slain by an orc wizard

Illustrated notes

Levels and vault maps discovered:
D:1:      lightli_arrival_isolated_outpost, layout_basic, serial_shops,
          nicolae_shop_behind_doors, nicolae_figureground_pulse
D:2:      layout_loops_corners, minmay_quantized

Skill      XL: |  1  2  3 |
---------------+----------+-----
Invocations    | 1 |  1.1
Short Blades   | 1 |  1.0
Long Blades    | 1 |  1.0
Axes           | 1 |  1.0
Maces & Flails | 1 |  1.0
Staves         | 1 |  1.0
Ranged Weapons | 1 |  1.0
Throwing       | 1 |  1.0
Dodging        | 1 |  1.0
Stealth        | 1 |  1.0
Unarmed Combat | 1 |  1.0
Spellcasting   | 1 |  1.0
Evocations     | 1 |  1.0
Fighting       | |  6.5
Polearms       | |  4.6
Armour         | |  6.5
Shields        | |  6.5
Conjurations   | |  0.7
Hexes          | |  0.7
Summonings     | |  0.7
Necromancy     | |  0.7
Translocations | |  0.7
Transmutations | |  0.7
Fire Magic     | |  0.7
Ice Magic      | |  0.7
Air Magic      | |  0.7
Earth Magic    | |  0.7
Poison Magic   | |  0.7

Action                   || total
-------------------------++-------
Melee: Trident           ||   106
       Bite              ||     9
Armor: Scale mail        ||    45
Dodge: Dodged            ||    43
Block: Buckler           ||    30
